 Dungeon Crawl Stone Soup version 0.29-a0-962-gc8bbfd0a37 (webtiles) character file.

Game seed: 103657781395931453

406 jlumianski the Chopper (level 6, -9/48 HPs)
             Began as a Demonspawn Fighter on July 30, 2022.
             Mangled by an ogre
             ... wielding a +0 giant club
              (18 damage)
             ... on level 4 of the Dungeon.
             The game lasted 00:11:21 (3951 turns).

jlumianski the Chopper (Demonspawn Fighter)         Turns: 3951, Time: 00:11:22

Health: -9/48      AC:  9    Str: 19    XL:     6   Next: 56%
Magic:  6/6        EV:  7    Int:  9    God:
Gold:   195        SH:  0    Dex: 12    Spells: 5/5 levels left

rFire   + . .      SeeInvis .   a - +1 war axe
rCold   + . .      Faith    .   (no shield)
rNeg    . . .      Spirit   .   s - +0 chain mail
rPois   .          Reflect  .   (no helmet)
rElec   .          Harm     .   k - scarf {rC+ rF+}
rCorr   .          Rampage  .   (no gloves)
Will    .....                   (no boots)
Stlth   ..........              (no amulet)
HPRegen 0.16/turn               (no ring)
MPRegen 0.10/turn               (no ring)

@: no status effects
A: spiny 1, demonic touch 2
a: no special abilities


You were on level 4 of the Dungeon.
You visited 1 branch of the dungeon, and saw 5 of its levels.

You collected 195 gold pieces.

Inventory:

Hand Weapons
 a - a +1 war axe (weapon)
 m - a +1 flail of protection
 p - a +2 sling of freezing
Missiles
 f - 55 stones (quivered)
 i - 4 poisoned darts
 r - 4 javelins
Armour
 b - a +0 scale mail
 c - a +0 buckler
 k - a scarf of resistance (worn)
 s - a +0 chain mail (worn)
Jewellery
 j - a ring of fire
 n - a ring of ice
 o - a ring of ice
Wands
 g - a wand of charming (9)
Scrolls
 e - a scroll of poison
 u - a scroll of fear {unknown}
 w - a scroll of amnesia {unknown}
Potions
 d - a potion of might
 h - a potion of mutation
 l - 2 potions of degeneration
 q - 2 potions of flight
 v - a potion of ambrosia {unknown}


   Skills:
 + Level 4.1 Fighting
 + Level 4.8 Axes
 + Level 0.2 Ranged Weapons
 + Level 3.8 Armour
 + Level 0.4 Dodging
 + Level 1.0 Stealth
 - Level 2.9 Shields


You had 5 spell levels left.
You didn't know any spells.
Your spell library contained the following spells:

 Spells                   Type           Power      Damage    Failure   Level
 Sandblast                Erth           0%         2d4       99%         1
 Passwall                 Tmut/Erth      0%         N/A       100%        2
 Stone Arrow              Conj/Erth      0%         3d7       100%        3
 Passage of Golubria      Tloc           0%         N/A       100%        4
 Silence                  Hex/Air        0%         N/A       100%        5
 Lehudib's Crystal Spear  Conj/Erth      0%         10d2      100%        8


Dungeon Overview and Level Annotations

Branches:
Dungeon (5/15)
 Temple: D:4-7

Altars:
Dithmenos

Annotations:
D:4 Grinder


Innate Abilities, Weirdness & Mutations

You are partially covered in sharp spines.
Your touch may inflict irresistible damage on your foes.


Message History

a +0 dagger; an orc corpse The ogre shouts!
Things that are here:
a +0 dagger; a +0 robe
Okay, then.
Grinder comes into view.
A goblin comes into view. It is wielding a +0 dagger.
The goblin shouts!
Grinder is struck by your spines. Grinder hits you but does no damage.
You barely miss Grinder. Your touch misses Grinder.
Grinder is lightly wounded.
Grinder closely misses you.
You hit Grinder.
Grinder is lightly wounded.
Grinder hits you.
You writhe in agony.
The ogre hits you with a +0 giant club!
You barely miss Grinder. You punch Grinder, but do no damage.
Grinder is lightly wounded.
You hit the ogre. Grinder hits you but does no damage.
You barely miss Grinder.
You touch Grinder.
Grinder is moderately wounded.
You hit the ogre.
The ogre hits you with a +0 giant club!!
* * * LOW HITPOINT WARNING * * *
Grinder gestures at you. You resist with significant effort.
An endoplasm comes into view.
Grinder gestures at you. You resist with significant effort.
Really read the scroll of poison?
The air fills with toxic fumes!
As you read the scroll of poison, it crumbles to dust.
The ogre is struck by your spines. The ogre barely misses you.
Grinder hits you.
* * * LOW HITPOINT WARNING * * *
You writhe in agony.
* * * LOW HITPOINT WARNING * * *
You feel better. Grinder hits you but does no damage.
The ogre is struck by your spines.
The ogre hits you with a +0 giant club!!
You die...

....# ##..##.#
[...####..##.#
#...#......#.#
###....#...#.#
##...........##
...#.....§....#
####....†§§§..# § #
#.#..>§§§§§######§§§§
#....#...§§§§§§O@5g§§J§.
#.#####..§§§§§#####§§##§
#........§§§...## §#
######...§......# #
#.........)..#
..............#
..##.###.###.......
#####.###....#...##.
#......<.## ...#


You could see Grinder, an ogre, an endoplasm and a goblin.

Vanquished Creatures
  A hound (D:4)
  2 orc priests
  Natasha (thrice) (D:3)
  3 orc wizards
  3 gnolls (D:4)
  5 adders
  A worm (D:3)
  4 dart slugs
  8 orcs
  6 ball pythons
  3 bats
  7 endoplasms
  4 giant cockroaches
  11 goblins
  4 hobgoblins
  10 kobolds
  3 quokkas
  2 frilled lizards (D:1)
  6 rats
86 creatures vanquished.

Notes
Turn   | Place    | Note
-------+----------+-------------------------------------------
     0 | D:1      | jlumianski the Demonspawn Fighter began the quest for the
                  | Orb.
     0 | D:1      | Reached XP level 1. HP: 18/18 MP: 1/1
   304 | D:1      | Gained mutation: You are partially covered in sharp spines.
                  | [demonic ancestry]
   304 | D:1      | Reached XP level 2. HP: 6/24 MP: 2/2
   664 | D:4      | Noticed an ogre
   916 | D:1      | Gained mutation: Your touch may inflict minor irresistible
                  | damage on your foes. [demonic ancestry]
   916 | D:1      | Reached XP level 3. HP: 29/29 MP: 3/3
  1795 | D:2      | Reached XP level 4. HP: 3/35 MP: 4/4
  2429 | D:3      | Reached XP level 5. HP: 37/41 MP: 5/5
  2665 | D:3      | Noticed Natasha
  2669 | D:3      | Killed Natasha
  2707 | D:3      | Found a shadowy altar of Dithmenos.
  2945 | D:3      | Noticed Natasha
  2951 | D:3      | Killed Natasha
  3113 | D:3      | Noticed Natasha
  3117 | D:3      | Killed Natasha
  3664 | D:4      | Reached skill level 1 in Stealth
  3664 | D:4      | Gained mutation: Your touch may inflict irresistible damage
                  | on your foes. [demonic ancestry]
  3664 | D:4      | Reached XP level 6. HP: 48/48 MP: 6/6
  3735 | D:5      | Entered Level 5 of the Dungeon
  3942 | D:4      | Noticed Grinder
  3951 | D:4      | Mangled by an ogre

Illustrated notes

Levels and vault maps discovered:
D:1:      lemuel_arrival_behind_the_door_large, layout_basic
D:2:      layout_loops_ring, minivault_11, st_stairs_12, minmay_pentomino_v4
D:3:      layout_basic, mainiacjoe_overflow_catwalk, uniq_natasha
D:4:      layout_rooms, serial_co_window_serial, co_window_of_opportunity_a,
          co_window_cross_1, co_window_paths_a, co_window_paths_a,
          co_window_of_opportunity_a, co_window_2corner, co_window_cross_2,
          co_window_paths_c, co_window_4corner_b, co_window_paths_e,
          uniq_grinder, uniq_blork_the_orc
D:5:      layout_layer_cave, trog_wizard, temple_statues

Skill      XL: |  1  2  3  4  5  6 |
---------------+-------------------+-----
Axes           | 2 3 4 |  4.8
Armour         | 3 |  3.8
Stealth        | 1 |  1.0
Fighting       | 4 |  4.1
Ranged Weapons | |  0.2
Dodging        | |  0.4
Shields        | |  2.9

Action                   |  1- 3 |  4- 6 || total
-------------------------+-------+-------++-------
Melee: War axe           |    78 |    70 ||   148
       Touch             |     5 |    15 ||    20
       Punch             |       |     2 ||     2
 Fire: Sling             |       |     3 ||     3
Throw: Stone             |       |     1 ||     1
  Use: Potion            |     1 |     2 ||     3
       Scroll            |       |     8 ||     8
Armor: Scale mail        |    41 |     5 ||    46
       Chain mail        |       |    30 ||    30
Dodge: Dodged            |    27 |    27 ||    54
Block: Buckler           |    16 |       ||    16

Table legend: (Time is in decaauts)
 A = Elapsed time spent in this place.
 B = Non-inter-level travel time spent in this place.
 C = Inter-level travel time spent in this place.
 D = Time resting spent in this place.
 E = Time spent auto-exploring this place.
 F = Levels seen in this place.
 G = Mean time per level.
                   A        B        C        D        E       F      G
               +--------+--------+--------+--------+--------+-----+--------+
         Total |   4007 |   3928 |     79 |    743 |   2032 |   5 |  801.4 |
       Dungeon |   4007 |   3928 |     79 |    743 |   2032 |   5 |  801.4 |
               +--------+--------+--------+--------+--------+-----+--------+

Top non-repeatable levels by time:
     D:3: 1390 daAuts
     D:1: 1224 daAuts
     D:2: 1019 daAuts
     D:4: 369 daAuts
     D:5: 3 daAuts
